Unix NetHack Version 5.0.0-0 post-release - last build May 23 2026 06:08:33 (1c0ff79ee797540d5714e4e18072db0edd9e58ae,branch:main).

Game began 2026-05-23 18:00:51, ended 2026-05-23 18:14:17.

Brudee, neutral female human Tourist

        --
       --.---
       -....--
       ......|
       -.....----
      --........
     --.-......---   - --
     |...........| | ...|
       G....)...........|
        -...)..h....
        |..@<..-
        |..Gd.--
        -......|
        .......-
      ..........
    ..G..........
    -.........--..
    |......|.-- -..
    ----.-----    ..
       --          --

Brudee the Sightseer        St:13 Dx:12 Co:15 In:12 Wi:9 Ch:15  Neutral S:554
Dlvl:5  $:546 HP:0(36) Pw:17(17) AC:5  Xp:4/86 T:1699  Burdened

Latest messages:
 You swap places with Shaggy.
 You fall down the stairs.
 Shaggy bites the gnome.
 The gnome misses Shaggy.
 The gnome hits!
 The gnome lord wields a crossbow!
 Shaggy bites the gnome.
 The gnome is killed!
 In what direction? j
 The dart misses the gnome.
 The gnome hits!
 You hit the gnome.
 Shaggy misses the gnome.
 The gnome lord picks up 2 gems.
 The gnome wields a crossbow!
 Shaggy bites the gnome.
 The gnome hits Shaggy.
 In what direction? j
 The dart misses the gnome.
 Shaggy bites the gnome.
 The gnome is killed!
 Shaggy grows up into a dog.
 Shaggy eats a gnome corpse.
 In what direction? k
 The dart hits the gnome.
 In what direction? k
 You kill the gnome!
 Welcome to experience level 4.
 The gnome lord shoots 2 crossbow bolts!
 You are hit by the 1st crossbow bolt.
 You are hit by the 2nd crossbow bolt!
 In what direction? y
 The dart hits the gnome lord.
 The gnome lord picks up a +2 dart.
 The gnome lord shoots 3 crossbow bolts!
 You are hit by the 1st crossbow bolt!
 You are hit by the 2nd crossbow bolt.
 You are almost hit by the 3rd crossbow bolt.
 In what direction? y
 The dart hits the gnome lord.
 The gnome picks up a potion.
 You miss the gnome.
 The gnome hits!
 The gnome shoots 2 crossbow bolts!
 You are hit by the 1st crossbow bolt.
 You hear the howling of the CwnAnnwn...
 You are hit by the 2nd crossbow bolt.
 You die...
 Do you want your possessions identified? [ynq] (y) y
 Do you want to see your attributes? [ynq] (y) q

Inventory:
 Coins    ('$')
  $ - 546 gold pieces
 Weapons  (')')
  a - 24 +2 darts (at the ready)
  N - a +0 axe (weapon in right hand)
 Armor    ('[')
  i - an uncursed +0 Hawaiian shirt with a sailboat motif (being worn)
  m - an uncursed +0 elven mithril-coat (being worn)
 Comestibles  ('%')
  d - an uncursed slime mold
  n - 2 uncursed cream pies
  b - 9 uncursed food rations
  f - an uncursed pancake
  c - 2 uncursed tripe rations
  e - 2 uncursed eggs
  v - an uncursed lichen corpse
 Scrolls  ('?')
  u - a blessed scroll of light
  h - 4 uncursed scrolls of magic mapping
  t - an uncursed scroll of remove curse
  E - an uncursed scroll of taming
  J - an uncursed scroll of teleportation
 Spellbooks  ('+')
  p - an uncursed spellbook of magic mapping
  o - an uncursed spellbook of restore ability
 Potions  ('!')
  L - an uncursed potion of extra healing
  K - 2 uncursed potions of healing
  s - an uncursed potion of sickness
  G - an uncursed potion of speed
 Rings    ('=')
  H - an uncursed +0 ring of adornment
 Wands    ('/')
  q - a wand of sleep (0:5)
 Tools    ('(')
  z - an uncursed blindfold
  k - an uncursed credit card
  j - an expensive camera (0:40)
  r - an uncursed tin opener
  l - an uncursed towel
 Gems/Stones  ('*')
  D - an uncursed obsidian stone
  M - an uncursed flint stone

Brudee the Tourist's attributes:

Background:
 You were a Sightseer, a level 4 female human Tourist.
 You were neutral, nominally on a mission for The Lady
 who was opposed by Blind Io (lawful) and Offler (chaotic).
 You were right-handed.
 You were in the Gnomish Mines, on level 5.
 You entered the dungeon 1699 turns ago.
 You had 86 experience points, 74 more were needed to attain level 5.
 Your score was 554 before end-of-game adjustments.

Basics:
 You had 0 out of 36 hit points.
 You had all 17 energy points (spell power).
 Your armor class was 5.
 Your wallet contained 546 zorkmids.
 Autopickup was on for '$!=+?/"' plus thrown.

Final Characteristics:
 Your strength was 13 (limit:18/100).
 Your dexterity was 12 (limit:18).
 Your constitution was 15 (limit:18).
 Your intelligence was 12 (limit:18).
 Your wisdom was 9 (limit:18).
 Your charisma was 15 (limit:18).

Final Status:
 You weren't hungry.
 You were burdened; movement was slightly slowed.
 You were wielding an axe.
 You were unskilled in axe.

Final Attributes:
 You were devoutly aligned.
 You were guarded.
 You are dead.

Miscellaneous:
 You didn't encounter any bones levels.
 Total elapsed playing time was 13 minutes and 25 seconds.

Major events:
 Turn
    1: Brudee the neutral female human Tourist entered the dungeon
  944: attained the rank of Sightseer (level 3)
 1686: entered the Gnomish Mines
 1699: killed by a crossbow bolt

You didn't know any spells.

Skills:
 Fighting Skills
   bare handed combat [Unskilled]
   two weapon combat  [Unskilled]
   riding             [Unskilled]
 Weapon Skills
   dagger             [Unskilled]
   knife              [Unskilled]
   axe                [Unskilled]
   pick-axe           [Unskilled]
   short sword        [Unskilled]
   broadsword         [Unskilled]
   long sword         [Unskilled]
   two-handed sword   [Unskilled]
   saber              [Unskilled]
   mace               [Unskilled]
   morning star       [Unskilled]
   flail              [Unskilled]
   hammer             [Unskilled]
   quarterstaff       [Unskilled]
   polearms           [Unskilled]
   spear              [Unskilled]
   trident            [Unskilled]
   lance              [Unskilled]
   bow                [Unskilled]
   sling              [Unskilled]
   crossbow           [Unskilled]
   dart               [Basic]
   shuriken           [Unskilled]
   boomerang          [Unskilled]
   whip               [Unskilled]
   unicorn horn       [Unskilled]
 Spellcasting Skills
   divination spells  [Unskilled]
   enchantment spells [Unskilled]
   escape spells      [Unskilled]

Voluntary challenges:
 Character rerolling was not enabled.
 You were an atheist.
 You never genocided any monsters.
 You never polymorphed an object.
 You never changed form.
 You used no wishes.
Achievements:
 You entered a shop.
 You attained the rank of Sightseer.
 You entered the Gnomish Mines.

 The Dungeons of Doom: levels 1 to 4
    Level 1:
    Level 2:
       A general store, a fountain.
    Level 3:
    Level 4:
       A fountain.
       Stairs down to The Gnomish Mines.
 The Gnomish Mines:
    Level 5: <- You were here.
       Final resting place for
          you, killed by a crossbow bolt.


Vanquished creatures:
  a shrieker
  a kobold leader
  a giant bat
  2 dwarf zombies
 an acid blob
  a hobbit
  4 giant rats
  a brown mold
  3 gnomes
  2 geckos
  3 jackals
  a goblin
  a grid bug
  2 bats
  6 lichens
  a kobold zombie
  2 newts
33 creatures vanquished.

No species were genocided or became extinct.

Game over:
                       ----------
                      /          \
                     /    REST    \
                    /      IN      \
                   /     PEACE      \
                  /                  \
                  |      Brudee      |
                  |      546 Au      |
                  |   killed by a    |
                  |  crossbow bolt   |
                  |                  |
                  |                  |
                  |       2026       |
                 *|     *  *  *      | *
        _________)/\\_//(\/(/\)/\//\/|_)_______

Aloha Brudee the Tourist...

You died in The Gnomish Mines on dungeon level 5 with 554 points,
and 546 pieces of gold, after 1699 moves.
You were level 4 with a maximum of 36 hit points when you died.

